 Dungeon Crawl Stone Soup version 0.26-a0-682-g294304f6e8 (webtiles) character file.

Game seed: 15597576503724598126

50 jestyr24 the Grave Robber (level 3, 0/27 HPs)
             Began as a Ghoul Necromancer on Oct 20, 2020.
             Slain by Sigmund
             ... wielding a +1 scythe of venom
              (4 damage)
             ... on level 2 of the Dungeon on Oct 21, 2020.
             The game lasted 00:10:10 (1652 turns).

jestyr24 the Grave Robber (Ghoul Necromancer)       Turns: 1652, Time: 00:10:11

Health: 0/27       AC:  2    Str: 11    XL:     3   Next: 79%
Magic:  1/5        EV: 12    Int: 11    God:
Gold:   90         SH:  0    Dex:  9    Spells: 5/6 levels left

rFire    + . .     SeeInvis .   (no weapon)
rCold    . . .     Faith    .   (no shield)
rNeg     + + +     Spirit   .   a - +0 robe
rPois    ∞         Reflect  .   (no helmet)
rElec    .         Harm     .   (no cloak)
rCorr    .         Rampage  .   (no gloves)
MR       .....                  (no boots)
Stlth    +.........             (no amulet)
HPRegen  0.00/turn              k - ring of fire
MPRegen  0.09/turn              (no ring)

@: confused
A: rotting body, claws 1, cold resistance 1, negative energy resistance 3,
inhibited regeneration, torment resistance, unbreathing
a: no special abilities


You were on level 2 of the Dungeon.
You visited 1 branch of the dungeon, and saw 2 of its levels.

You collected 90 gold pieces.

Inventory:

Hand Weapons
 c - a +0 club
Missiles
 e - 16 poisoned darts (quivered)
Armour
 a - a +0 robe (worn)
Jewellery
 k - a ring of fire (left claw)
Scrolls
 f - a scroll of random uselessness {unknown}
 g - a scroll of identify {unknown}
 h - a scroll of noise {unknown}
 j - a scroll of remove curse {unknown}
Potions
 b - a potion of cancellation {unknown}
 d - 2 potions of brilliance {unknown}
 i - a potion of lignification {unknown}
 l - a potion of heal wounds {unknown}


   Skills:
 + Level 0.3 Fighting
 + Level 1.9 Dodging
 + Level 2.3 Stealth
 + Level 2.3 Spellcasting
 + Level 4.8 Necromancy


You had 5 spell levels left.
You knew the following spells:

 Your Spells              Type           Power        Failure   Level
a - Pain                  Necr           ##..         4%          1

Your spell library contained the following spells:

 Spells                   Type           Power        Failure   Level
 Animate Skeleton         Necr           ##....       4%          1
 Vampiric Draining        Necr           ##........   12%         3
 Animate Dead             Necr           ##........   36%         4
 Agony                    Necr           ##......     73%         5


Dungeon Overview and Level Annotations

Branches:
Dungeon (2/15)

Altars:

Annotations:
D:2 Sigmund


Innate Abilities, Weirdness & Mutations

Your body is rotting away.
You thrive by killing the living.
You are immune to poison.
You have sharp fingernails.
Your flesh is cold resistant. (rC+)
You are immune to negative energy. (rN+++)
You do not regenerate when monsters are visible.
You are immune to unholy pain and torment.
You can survive without breathing.


Message History

You don't have enough magic to cast that spell.
Unknown command.
Sigmund barely misses you.
You closely miss Sigmund.
Sigmund is moderately wounded.
Sigmund hits you but does no damage.
You scratch Sigmund.
Sigmund is moderately wounded.
You closely miss Sigmund.
Sigmund is moderately wounded.
Sigmund points at you and mumbles some strange words.
You are confused.
Your magical contamination has completely faded away.
You scratch Sigmund.
Sigmund is heavily wounded.
Sigmund hits you with a +1 scythe of venom!
* * * LOW HITPOINT WARNING * * *
You bump into the rock wall.
Sigmund hits you with a +1 scythe of venom.
You die...

#........#................
#........#...#..#†........
#........#........###.#...
#.................# #.#...
###########.####### #.#...
#.# #.#... #.# #.#...
######.# #..... #..@@..#
###### ##.###### #...#
?..@......# #######...#
#####


You could see Sigmund.

Vanquished Creatures
  2 adders (D:2)
  3 dart slugs (D:1)
  5 bats
  5 goblins
  3 hobgoblins (D:1)
  3 frilled lizards
  2 kobolds (D:1)
  6 rats
29 creatures vanquished.

Notes
Turn   | Place    | Note
-------+----------+-------------------------------------------
     0 | D:1      | jestyr24 the Ghoul Necromancer began the quest for the Orb.
     0 | D:1      | Reached XP level 1. HP: 14/14 MP: 2/2
   428 | D:1      | Reached XP level 2. HP: 20/20 MP: 0/3
   449 | D:1      | Upgraded the game from 0.26-a0-672-g1df16c3386 to
                  | 0.26-a0-682-g294304f6e8
   954 | D:1      | Reached XP level 3. HP: 26/26 MP: 2/5
  1636 | D:2      | Noticed Sigmund
  1652 | D:2      | Slain by Sigmund

Illustrated notes

Levels and vault maps discovered:
D:1:      dpeg_arrival_pond, layout_basic
D:2:      layout_loops_cross, uniq_sigmund

Skill      XL: |  1  2 |
---------------+-------+-----
Spellcasting   | 2 |  2.3
Fighting       | |  0.3
Dodging        | |  1.9
Stealth        | |  2.3
Necromancy     | |  4.8

Action                   || total
-------------------------++-------
Melee: Unarmed           ||    39
 Cast: Pain              ||    49
Armor: Robe              ||    11
Dodge: Dodged            ||    40

Table legend: (Time is in decaauts)
 A = Elapsed time spent in this place.
 B = Non-inter-level travel time spent in this place.
 C = Inter-level travel time spent in this place.
 D = Time resting spent in this place.
 E = Time spent auto-exploring this place.
 F = Levels seen in this place.
 G = Mean time per level.
                   A        B        C        D        E       F      G
               +--------+--------+--------+--------+--------+-----+--------+
         Total |   1651 |   1651 |      0 |    503 |    589 |   2 |  825.5 |
       Dungeon |   1651 |   1651 |      0 |    503 |    589 |   2 |  825.5 |
               +--------+--------+--------+--------+--------+-----+--------+

Top non-repeatable levels by time:
     D:1: 1254 daAuts
     D:2: 397 daAuts
